 Dungeon Crawl Stone Soup version 0.31.0-11-ge490571c62 (webtiles) character file.

Game seed: 17932465865777903049

2502 Marvel the Cleaver (level 9, -7/78 HPs)
             Began as a Hill Orc Fighter on Feb 10, 2024.
             Was a Follower of Uskayaw.
             Mangled by an orc warrior
             ... wielding a +0 glaive
              (12 damage)
             ... in a bailey.
             The game lasted 00:11:33 (6293 turns).

Marvel the Cleaver (Hill Orc Fighter)               Turns: 6293, Time: 00:11:33

Health: -7/78      AC: 10    Str: 26    XL:     9   Next: 53%
Magic:  18/18      EV: 10    Int:  8    God:    Uskayaw [*.....]
Gold:   272        SH:  4    Dex:  6    Spells: 8/8 levels left

rFire   + + .        a - +0 war axe
rCold   + + .        c - +0 buckler
rNeg    . . .        b - +0 scale mail
rPois   +            (no helmet)
rElec   +            v - scarf {rC+ rF+}
rCorr   +            x - +0 pair of gloves
SInv    .            r - +0 pair of boots
Will    .....        (no amulet) Stlth
                     s - ring "Qaeh" {MP+9 Str+3 Dex-4}
HPRegen 0.33/turn    C - ring of resist corrosion
MPRegen 0.16/turn

%: no passive effects
@: resistant
A: no striking features
a: Renounce Religion, Stomp


You were in a bailey.
You worshipped Uskayaw.
Uskayaw was noncommittal.
You visited 1 branch of the dungeon, and saw 7 of its levels.
You also visited: Bailey.

You collected 387 gold pieces.
You spent 115 gold pieces at shops.

Inventory:

Hand Weapons
 a - a +0 war axe (weapon)
Missiles
 u - 4 boomerangs
 A - 5 poisoned darts (quivered)
Armour
 b - a +0 scale mail (worn)
 c - a +0 buckler (worn)
 r - a +0 pair of boots (worn)
 v - a scarf of resistance (worn)
 x - a +0 pair of gloves (worn)
Jewellery
 s - the ring "Qaeh" (left hand) {MP+9 Str+3 Dex-4}
   (You bought it in a shop on level 2 of the Dungeon)

   [ring of magical power]

   Str+3:     It affects your strength (+3).
   Dex-4:     It affects your dexterity (-4).
   MP+9:      It affects your magic capacity (+9).
 C - a ring of resist corrosion (right hand)
Wands
 o - a wand of paralysis (10)
 I - a wand of mindburst (5)
Scrolls
 e - 2 scrolls of fog {unknown}
 f - a scroll of blinking {unknown}
 i - a scroll of acquirement {unknown}
 j - a scroll of fear {unknown}
 k - a scroll of immolation {unknown}
 l - 2 scrolls of enchant weapon {unknown}
 n - a scroll of noise {unknown}
 t - 6 scrolls of identify {unknown}
 y - 2 scrolls of teleportation {unknown}
 B - a scroll of enchant armour {unknown}
 E - 3 scrolls of amnesia {unknown}
 G - 2 scrolls of brand weapon {unknown}
 H - a scroll of summoning {unknown}
 J - a scroll of vulnerability {unknown}
 L - a scroll of poison {unknown}
Potions
 d - 3 potions of might
 g - a potion of attraction {unknown}
 h - a potion of berserk rage {unknown}
 m - 4 potions of heal wounds {unknown}
 p - a potion of mutation {unknown}
 q - 4 potions of curing {unknown}
 w - a potion of haste {unknown}
 z - a potion of brilliance {unknown}
 D - a potion of degeneration {unknown}
 F - a potion of ambrosia {unknown}


   Skills:
 + Level 6.7 Fighting
 + Level 10.4 Axes
 + Level 1.1 Throwing
 + Level 7.6 Armour
 + Level 2.9 Dodging
 + Level 1.6 Stealth
 + Level 5.2 Shields
 + Level 0.1 Evocations


You had 8 spell levels left.
You didn't know any spells.
Your spell library contained the following spells:

 Spells                   Type           Power      Damage    Failure   Level
 Necrotise                Necr           0%         1d4       71%         1
 Sandblast                Erth           0%         2d4       71%         1
 Summon Small Mammal      Summ           0%         N/A       71%         1
 Blink                    Tloc           0%         N/A       85%         2
 Call Imp                 Summ           0%         N/A       85%         2
 Lesser Beckoning         Tloc           0%         N/A       85%         2
 Momentum Strike          Conj/Tloc      0%         3d8       85%         2
 Sublimation of Blood     Necr           0%         N/A       85%         2
 Call Canine Familiar     Summ           0%         N/A       97%         3
 Gell's Gravitas          Tloc           0%         N/A       97%         3
 Inner Flame              Hex/Fire       0%         N/A       97%         3
 Ozocubu's Armour         Ice            0%         N/A       97%         3
 Passwall                 Erth           0%         N/A       97%         3
 Stone Arrow              Conj/Erth      0%         3d7       97%         3
 Teleport Other           Tloc           0%         N/A       97%         3
 Vampiric Draining        Necr           0%         2d6       97%         3
 Brom's Barrelling Bould  Conj/Erth      0%         2d3       100%        4
 Cause Fear               Hex            0%         N/A       100%        4
 Martyr's Knell           Necr/Summ      0%         N/A       100%        4
 Summon Blazeheart Golem  Fire/Summ      0%         N/A       100%        4
 Vhi's Electric Charge    Tloc/Air       0%         N/A       100%        4
 Arcjolt                  Conj/Air       0%         1d10      100%        5
 Curse of Agony           Necr           0%         N/A       100%        5
 Fireball                 Conj/Fire      0%         3d3       100%        5
 Irradiate                Conj/Alch      0%         3d11      100%        5
 Metabolic Englaciation   Hex/Ice        0%         N/A       100%        5
 Dispersal                Tloc           0%         N/A       100%        6
 Plasma Beam              Fire/Air       0%         2x1d10    100%        6
 Sculpt Simulacrum        Ice/Alch       0%         N/A       100%        6
 Summon Hydra             Summ           0%         N/A       100%        7
 Ignition                 Fire           0%         3d3       100%        8
 Dragon's Call            Summ           0%         N/A       100%        9


Dungeon Overview and Level Annotations

Branches:
Dungeon (7/15)             Temple (0/1) D:6          Bailey (1/1)

Altars:
Qazlal
Ru
Uskayaw
Vehumet
Wu Jian

Shops:
D:2 *


Message History

The orc hits you from afar with a +0 spear.
The orc attacks as it pursues you!
The orc hits you from afar with a +0 spear.
It was a potion of resistance.
You feel protected.
The orc hits you from afar with a +0 spear.
The orc warrior barely misses you. You block the orc's attack.
The orc misses you.
The orc warrior hits you but does no damage.
The orc barely misses you. The orc hits you but does no damage.
The orc barely misses you.
You hit the orc.
The orc is lightly wounded.
You hit the orc but do no damage.
The orc looks more healthy.
You block the orc warrior's attack. The orc closely misses you.
The orc hits you with a +0 spear. The orc hits you with a +0 halberd.
You completely miss the orc.
The orc is lightly wounded.
You hit the orc.
You kill the orc!
The orc warrior hits you from afar with a +0 glaive!
The orc barely misses you. x2
You slash the orc!
You kill the orc!
The orc warrior misses you. The orc barely misses you.
You slash the orc!
You kill the orc!
The orc warrior hits you from afar with a +0 glaive!
* * * LOW HITPOINT WARNING * * *
The orc hits you from afar with a +0 trident.
* * * LOW HITPOINT WARNING * * *
The orc completely misses you.
The orc warrior hits you from afar with a +0 glaive!
* * * LOW HITPOINT WARNING * * *
There is a gate leading back out of this place here.
The orc hits you from afar with a +0 trident.
* * * LOW HITPOINT WARNING * * *
The orc warrior jeers loudly.
The orc warrior hits you from afar with a +0 glaive!
You die...

############
##.∩...()o..#
#......#.....#
#..)).###....#
#∩.o)..8.....+
#..oo.###....#
#......#.....#
##.@........##
############


You could see an orc warrior and 2 orcs.

Vanquished Creatures
  Grinder (D:3)
  Sigmund (D:2)
  2 wyverns (D:7)
  A steam dragon (D:7)
  A sky beast (D:7)
  An ogre (D:6)
  2 phantoms
  A bullfrog (D:6)
  A scorpion (D:5)
  7 wights (D:6)
  2 howler monkeys
  An orc priest (D:5)
  3 jellies
  5 bombardier beetles
  4 hounds
  3 iguanas
  2 sleepcaps
  12 gnolls
  5 adders
  3 white imps
  A ribbon worm (D:2)
  3 dart slugs
  29 orcs
  8 ball pythons
  An endoplasm (D:1)
  A giant cockroach (D:3)
  11 goblins
  5 hobgoblins
  8 jackals (D:1)
  A quokka (D:3)
  5 frilled lizards
  10 kobolds
  9 rats
150 creatures vanquished.

Notes
Turn   | Place    | Note
-------+----------+-------------------------------------------
     0 | D:1      | Marvel the Hill Orc Fighter began the quest for the Orb.
     0 | D:1      | Reached XP level 1. HP: 19/19 MP: 1/1
    52 | D:1      | Reached XP level 2. HP: 27/27 MP: 2/2
   192 | D:1      | Found a faded altar of an unknown god.
   217 | D:1      | Reached XP level 3. HP: 32/33 MP: 3/3
   262 | D:1      | Reached skill level 3 in Axes
   451 | D:2      | Reached XP level 4. HP: 40/40 MP: 4/4
   599 | D:2      | Noticed Sigmund
   608 | D:2      | Killed Sigmund
   609 | D:2      | Reached skill level 5 in Axes
   609 | D:2      | Reached skill level 1 in Dodging
   609 | D:2      | Reached XP level 5. HP: 47/47 MP: 5/5
   609 | D:2      | Reached XP level 6. HP: 53/53 MP: 6/6
  1072 | D:2      | Found Ciwymmag's Assorted Antiques.
  1244 | D:2      | Bought a warped bronze ring for 115 gold pieces
  1244 | D:2      | Identified the ring "Qaeh" {MP+9 Str+3 Dex-4} (You bought
                  | it in a shop on level 2 of the Dungeon)
  1377 | D:3      | Noticed Grinder
  1404 | D:3      | Paralysed by Grinder for 3 turns
  1409 | D:3      | Killed Grinder
  1410 | D:3      | Reached skill level 6 in Axes
  1410 | D:3      | Reached XP level 7. HP: 18/60 MP: 7/7
  1607 | D:3      | Found a sacrificial altar of Ru.
  1855 | D:3      | Noticed a fire elemental
  1857 | D:3      | Found a stormy altar of Qazlal.
  1859 | D:3      | Noticed a water elemental
  1859 | D:3      | Noticed an air elemental
  1882 | D:3      | Reached skill level 1 in Stealth
  2502 | D:4      | Found a hide-covered altar of Uskayaw.
  2539 | D:4      | Reached skill level 5 in Fighting
  2560 | D:4      | Became a worshipper of Uskayaw the Reveller
  2639 | D:4      | Reached * piety under Uskayaw
  2806 | D:4      | Reached skill level 5 in Armour
  3030 | D:4      | Reached ** piety under Uskayaw
  3033 | D:4      | Reached skill level 7 in Axes
  3277 | D:5      | Entered Level 5 of the Dungeon
  3331 | D:5      | Reached *** piety under Uskayaw
  3735 | D:5      | Reached XP level 8. HP: 51/68 MP: 8/8
  3741 | D:5      | Reached skill level 8 in Axes
  4041 | D:5      | Found a radiant altar of Vehumet.
  4795 | D:6      | Reached skill level 1 in Throwing
  4956 | D:6      | Reached skill level 9 in Axes
  5016 | D:6      | Found an ornate altar of the Wu Jian Council.
  5039 | D:6      | Found a staircase to the Ecumenical Temple.
  5654 | D:5      | Reached XP level 9. HP: 63/75 MP: 9/9
  5917 | D:7      | Reached skill level 10 in Axes
  5917 | D:7      | Reached skill level 5 in Shields
  5917 | D:7      | Reached **** piety under Uskayaw
  6232 | D:7      | Found a flagged portal.
  6243 | Bailey   | Entered a bailey
  6293 | Bailey   | Mangled by an orc warrior

Illustrated notes

Levels and vault maps discovered:
D:1:      heliophobic_arrival_enchanted_forest, layout_rooms,
          shapermc_ecumenical_altar_totnotflames
D:2:      layout_loops_corners, serial_shops, shop, uniq_sigmund
D:3:      layout_basic, nicolae_qazlal_style_of_elements,
          nicolae_ru_the_path_less_chosen, chequers_serial_rivers_room_a,
          kennysheep_generic_room_16, uniq_grinder
D:4:      layout_loops_corners, nicolae_overflow_crystal_walls
D:5:      layout_loops_ring, mainiacjoe_overflow_alcove_4,
          kennysheep_nondescript
D:6:      layout_loops_corners, nzn_wu_jian_council_hall,
          minmay_temple_entry_grid
D:7:      layout_rooms, kennysheep_little_box, enter_bailey_4,
          kennysheep_generic_room_15
Bailey:   bailey_polearm_5, bailey

Skill      XL: |  1  2  3  4  5  6  7  8  9 |
---------------+----------------------------+-----
Fighting       | 4 5 6 |  6.7
Axes           | 3 5 6 7 9 10 | 10.4
Armour         | 4 5 6 7 |  7.6
Dodging        | 1 2 |  2.9
Shields        | 4 5 |  5.2
Stealth        | 1 |  1.6
Throwing       | 1 |  1.1
Evocations     | |  0.1

Action                     |  1- 3 |  4- 6 |  7- 9 || total
---------------------------+-------+-------+-------++-------
  Melee: War axe           |    75 |    63 |   348 ||   486
  Throw: Boomerang         |       |       |     2 ||     2
         Dart              |       |       |    12 ||    12
  Evoke: Wand              |       |     2 |       ||     2
    Use: Potion            |       |       |     1 ||     1
   Stab: Paralysed         |       |     3 |     4 ||     7
 Armour: Scale mail        |    55 |    41 |   250 ||   346
  Dodge: Dodged            |    39 |    19 |   177 ||   235
  Block: Buckler           |    18 |     8 |    75 ||   101
